 Dungeon Crawl Stone Soup version 0.17-a0-1996-gd2c0ec8 (webtiles) character file.

28 glosham the Chopper (level 3, 0/29 HPs)
             Began as a Human Fighter on Oct 7, 2015.
             Slain by a hobgoblin (5 damage)
             ... on level 1 of the Dungeon.
             The game lasted 00:06:30 (523 turns).

glosham the Chopper (Human Fighter)                  Turns: 523, Time: 00:06:31

Health: 0/29       AC:  3    Str: 22    XL:     3   Next: 27%
Magic:  3/3        EV: 11    Int:  8    God:
Gold:   62         SH:  0    Dex: 12    Spells: 0 memorised, 2 levels left

rFire  . . .     SeeInvis .     a - +0 war axe
rCold  . . .     Clarity  .     X - +0 leather armour
rNeg   . . .     SustAt   .     (no shield)
rPois  .         Gourm    .     (no helmet)
rElec  .         Spirit   .     (no cloak)
rCorr  .         Warding  .     (no gloves)
rMut   .         Stasis   .     (no boots)
MR     .....                    (no amulet)
Stlth  +.........               (no ring)
                                (no ring)

@: mighty, not resistant to hostile enchantments, very unstealthy
A: no striking features
a: no special abilities


You were on level 1 of the Dungeon.
You were not hungry.

You visited 1 branch of the dungeon, and saw 1 of its levels.

You collected 62 gold pieces.

Inventory:

Hand Weapons
 a - a +0 war axe (weapon)
Missiles
 f - 26 stones (quivered)
 h - 23 sling bullets
 i - 8 tomahawks
Armour
 b - a +0 scale mail
 c - a +0 shield
 X - a +0 leather armour (worn)
Scrolls
 g - a scroll of blinking {unknown}
 l - a scroll of amnesia {unknown}
 m - a scroll of immolation {unknown}
Potions
 j - a potion of lignification {unknown}
Comestibles
 e - a bread ration
 n - 4 fruits


   Skills:
 - Level 3.0 Fighting
 * Level 3.3 Axes
 - Level 3.0 Armour
 + Level 0.8 Dodging
 - Level 3.0 Shields


You had 2 spell levels left.
You didn't know any spells.

Dungeon Overview and Level Annotations

Branches:
Dungeon (1/15)

Altars:


Message History

The jackal bites you but does no damage.
The jackal barely misses you.
You closely miss the jackal.
The jackal is heavily wounded.
The jackal bites you. The jackal completely misses you.
You closely miss the jackal.
The jackal is heavily wounded.
The jackal closely misses you.
The jackal bites you but does no damage.
You hit the jackal.
You kill the jackal!
You slash the giant newt!
You kill the giant newt!
The giant gecko bites you but does no damage.
Drink which item? (? for menu, Esc to quit)
Okay, then.
You closely miss the giant gecko. The giant gecko bites you.
* * * LOW HITPOINT WARNING * * *
The giant gecko bites you but does no damage.
Drink which item? (? for menu, Esc to quit)
You feel very mighty all of a sudden.
The giant gecko bites you but does no damage.
You closely miss the giant gecko. The giant gecko closely misses you.
You closely miss the giant gecko. The giant gecko barely misses you.
The giant gecko closely misses you.
You barely miss the giant gecko. The giant gecko barely misses you.
The giant gecko bites you.
* * * LOW HITPOINT WARNING * * *
You closely miss the giant gecko. The giant gecko barely misses you.
You closely miss the giant gecko. The giant gecko closely misses you.
The giant gecko misses you.
You completely miss the giant gecko. The giant gecko closely misses you.
You closely miss the giant gecko. The giant gecko barely misses you.
The giant gecko completely misses you.
You slash the giant gecko!
You kill the giant gecko!
The hobgoblin closely misses you.
You closely miss the hobgoblin. The hobgoblin closely misses you.
You closely miss the hobgoblin. The hobgoblin hits you.
You die...

........... g.#........#
........... #.#........#
...[....... ...........
.##.#####.# ........ .##.####
# ..... .......# ##..##..#
.##.##.# #...$...# ###.##.#
#g#####.# # #.##.# #@#...# #
#.##.# #.#'#'#+### # #....#
#.........# ###.#..#
####.........# .##.#..#
#............# .##.#..#
#.##........)##### ....#..#
###.##.#.#..>##....# ..#....#
#...........###.##.#
....##.####................#.#


You could see a hobgoblin.

Vanquished Creatures
  3 giant geckos (D:1)
  2 bats (D:1)
  A goblin (D:1)
  5 hobgoblins (D:1)
  2 jackals (D:1)
  4 kobolds (D:1)
  A ball python (D:1)
  A giant cockroach (D:1)
  2 giant newts (D:1)
  2 rats (D:1)
23 creatures vanquished.

Notes
Turn   | Place    | Note
--------------------------------------------------------------
     0 | D:1      | glosham the Human Fighter began the quest for the Orb.
     0 | D:1      | Reached XP level 1. HP: 18/18 MP: 1/1
   127 | D:1      | Reached XP level 2. HP: 20/24 MP: 2/2
   258 | D:1      | Reached skill level 3 in Axes
   485 | D:1      | Reached XP level 3. HP: 26/29 MP: 3/3
   523 | D:1      | Slain by a hobgoblin

Vault maps used:
D:1:      evilmike_arrival_rings, st_stairs_5

Action                   || total
-------------------------++-------
Melee: War axe           ||    95
  Use: Scroll            ||     1
       Potion            ||     1

Table legend:
 A = Turns spent in this place as a percentage of turns spent in the entire game.
 B = Non-inter-level travel turns spent in this place as a percentage of non-inter-level travel turns spent in the entire game.
 C = Inter-level travel turns spent in this place as a percentage of turns spent in this place.
 D = Turns resting spent in this place as a percentage of non-inter-level travel turns spent in this place.
 E = Turns spent auto-exploring this place as a percentage of non-inter-level travel turns spent in this place.
 F = Non-inter-level travel turns spent in this place divided by the number of levels of this place that you've seen.
                   A       B       C       D       E      F
               +-------+-------+-------+-------+-------+----------------------
         Total | 100.0 | 100.0 |   0.0 |   1.0 |   0.0 | 409.0
       Dungeon | 100.0 | 100.0 |   0.0 |   1.0 |   0.0 | 409.0
               +-------+-------+-------+-------+-------+----------------------

Table legend:
 A = Kills in this place as a percentage of kills in entire the game.
 B = Kills by you in this place as a percentage of kills by you in the entire game.
 C = Kills by friends in this place as a percentage of kills by friends in the entire game.
 D = Other kills in this place as a percentage of other kills in the entire game.
 E = Experience gained in this place as a percentage of experience gained in the entire game.
 F = Experience gained in this place divided by the number of levels of this place that you have seen.
                   A       B       C       D       E      F
               +-------+-------+-------+-------+-------+----------------------
         Total | 100.0 | 100.0 |  -nan |  -nan | 100.0 |  40.0
       Dungeon | 100.0 | 100.0 |  -nan |  -nan | 100.0 |  40.0
               +-------+-------+-------+-------+-------+----------------------

Vault maps used:
D:1:      evilmike_arrival_rings, st_stairs_5
